 Dungeon Crawl Stone Soup version 0.32-a0-132-g2d33c3cfaf (webtiles) character file.

Game seed: 14072831471251228240

13881 zeratav the Mimic (level 12, -7/82 HPs)
             Began as an Octopode Shapeshifter on Feb 10, 2024.
             Was an Initiate of Gozag.
             Mangled by a skyshark (8 damage)
             ... on level 2 of the Lair of Beasts.
             The game lasted 00:46:28 (15647 turns).

zeratav the Mimic (Octopode Shapeshifter)          Turns: 15647, Time: 00:46:28

Health: -7/82      AC:  3    Str: 18    XL:     12   Next: 10%
Magic:  0/12       EV: 19    Int: 13    God:    Gozag
Gold:   236        SH:  0    Dex: 11    Spells: 11/11 levels left

rFire   . .          .
                       - Unarmed
rCold   . . .        (shield currently unavailable)
rNeg    . . .        (helmet restricted)
rPois   +            h - amulet of guardian spirit
rElec   .            q - ring of poison resistance
rCorr   .            (no ring)
SInv    .            (no ring)
Will    .....        (no ring)
Stlth   ++           (no ring)
HPRegen 0.33/turn    (no ring)
MPRegen 0.13/turn    (no ring)
                     (no ring)

%: guardian spirit
@: flux-form, glowing
A: glow, contaminating, almost no armour, amphibious, 8 rings, camouflage 1,
gelatinous body 1, (nimble swimmer 1), tentacles, iridescent scales 1,
persistent drain
a: Begin Untransformation, Renounce Religion, Potion Petition, Call Merchant,
Bribe Branch


You were on level 2 of the Lair of Beasts.
You worshipped Gozag.
Gozag was aware of your devotion.
You were something dangerously unstable.
You visited 3 branches of the dungeon, and saw 12 of its levels.
You also visited: Bailey.

You collected 1625 gold pieces.
You spent 600 gold pieces at shops.
You paid 789 gold pieces to Gozag.


Innate Abilities, Weirdness & Mutations

You are something dangerously unstable.
You glow with magical radiation, making you easy to see and hit.
Foes you strike become dangerously contaminated with magical radiation.
You are incapable of wielding weapons or throwing items.
You cannot wear most types of armour.
You are amphibious.
You can wear up to eight rings at the same time.
Your skin changes colour to match your surroundings (Stealth+).
Your rubbery body absorbs attacks. (AC +1, EV +1)
((You are camouflaged when in or above water. (Stealth+)))
You have tentacles for arms and can constrict up to eight enemies at once.
You are partially covered in iridescent scales. (AC +2)
Your health recovers twice as slowly from being drained.


   Skills:
 - Level 8.0 Fighting
 - Level 6.0 Dodging
 - Level 5.0 Stealth
 - Level 6.0 Unarmed Combat
 + Level 14.3 Shapeshifting


You had 11 spell levels left.
You didn't know any spells.
Your spell library contained the following spells:

 Spells                   Type           Power      Damage    Failure   Level
 Apportation              Tloc           0%         N/A       30%         1
 Necrotise                Necr           0%         1d4       30%         1
 Sting                    Conj/Alch      0%         1d3       30%         1
 Summon Small Mammal      Summ           0%         N/A       30%         1
 Fugue of the Fallen      Necr           0%         N/A       67%         3
 Ozocubu's Armour         Ice            0%         N/A       67%         3
 Vampiric Draining        Necr           0%         2d6       67%         3
 Manifold Assault         Tloc           0%         N/A       97%         4
 Martyr's Knell           Necr/Summ      0%         N/A       97%         4
 Vhi's Electric Charge    Tloc/Air       0%         N/A       97%         4
 Arcjolt                  Conj/Air       0%         1d10      100%        5
 Curse of Agony           Necr           0%         N/A       100%        5
 Haunt                    Necr/Summ      0%         N/A       100%        7
 Borgnjor's Revivificati  Necr           0%         N/A       100%        8
 Maxwell's Capacitive Co  Air            0%         ∞         100%        8
 Death's Door             Necr           0%         N/A       100%        9

Inventory:

Hand Weapons
 j - the +9 spear of Insufficient Pleasure {heavy, rC+, polearm}
   (You found it on level 2 of the Dungeon)

   rC+:       It protects you from cold.
Missiles
 d - 2 atropa-tipped darts {throwing}
 s - 22 poisoned darts {throwing}
 w - a curare-tipped dart {=fthrowing}
Jewellery
 h - an amulet of guardian spirit (around mantle)
   (You found it on level 1 of the Dungeon)
 i - the ring of Dyblan {Fire Int+3}
   (You found it on level 2 of the Dungeon)

   [ring of fire]

   Fire:      It enhances your fire magic.
   Int+3:     It affects your intelligence (+3).
   rF+:       It protects you from fire.
   rC-:       It makes you vulnerable to cold.
 q - a ring of poison resistance (left tentacle)
   (You found it on level 4 of the Dungeon)
Talismans
 b - a beast talisman
 c - a flux talisman (active)
 k - a granite talisman
   (You found it on level 2 of the Dungeon)
Wands
 x - a wand of acid (6)
   (You took it off a kobold brigand on level 8 of the Dungeon)
 y - a wand of polymorph (2)
   (You found it on level 2 of the Lair of Beasts)
 A - a wand of roots (6)
   (You bought it in a shop on level 1 of the Lair of Beasts)
Scrolls
 a - 2 scrolls of immolation {!r!r}
 m - 4 scrolls of amnesia
 p - 3 scrolls of enchant armour
 r - a scroll of identify {@r1}
Potions
 e - a potion of cancellation
 f - 3 potions of curing {@q1}
 l - 3 potions of lignification {!q}
 n - a potion of brilliance
 o - a potion of haste {@q3}
 u - a potion of resistance
 v - a potion of might
 z - a potion of magic {unknown}
Miscellaneous
 t - a phantom mirror
   (You found it on level 8 of the Dungeon)

Dungeon Overview and Level Annotations

Branches:
Dungeon (9/15) Zot: 25712  Temple (1/1) D:5 Zot: 5964    Lair (2/5) D:8 Zot: 9208
 Bailey (visited)
  Swamp: Lair:2-3    Shoals: Lair:2-3     Snake: Lair:2-3    Spider: Lair:2-3
    Orc: D:9-12

Altars:
Cheibriados
Fedhas
Gozag
Hepliaklqana
Okawaru
Qazlal
Ru
Vehumet
Wu Jian
Xom
Yredelemnul
Zin
The Shining One

Shops:
D:3 [   D:4 (   D:8 *   Lair:1 *

Annotations:
D:4 exclusion: downstairs
D:5 Edmund
D:9 1 runed translucent door, Atlas's ghost, novice DsFE; Erolcha
Lair:1 exclusion: downstairs

.. ...##.......
.......#...........####
.....##..............#
....##..#.##....#.#..#
#.....#.............
#.#...#...ß)..ß...#
####..+..#.....>.....#..
.............ß...ß......
..........#.....pF...#
......
.......#..#.##...##.#..#
..... ........#....#..##
..... ........##........
.....
#..........##.....#
#....
............###.###
#.... #................
#.... #.............##.
#.... #.........#..##
##....


You could see a skyshark (berserk, misshapen).


Message History

Thank you for shopping at Lyc Qil's Assorted Antiques!
You can access your shopping list by pressing '$'.
There is a stone staircase leading down, spattered with blood here.
You climb downwards.
There is a stone staircase leading up, spattered with blood here.
You now have 217 gold pieces (gained 18).
Found a stone staircase leading down.
You now have enough gold to buy a wand of flame (11) on Lair:1.
You can access your shopping list by pressing '$'.
You now have 236 gold pieces (gained 19).
Okay, then.
A skyshark comes into view.
Aiming: Paralyse
Press: ? - help, Q - select action, (/) - cycle Shift-Dir - straight line, f - skyshark
Aim: a skyshark (chance to affect: 31%)
Okay, then.
Aiming: Paralyse
Press: ? - help, Q - select action, (/) - cycle Shift-Dir - straight line, f - skyshark
Aim: a skyshark (chance to affect: 31%)
The skyshark easily resists.
Aiming: Paralyse
Press: ? - help, Q - select action, (/) - cycle Shift-Dir - straight line, f/p - skyshark
Aim: a skyshark (chance to affect: 31%)
The skyshark easily resists.
Aiming: Paralyse
Press: ? - help, Q - select action, (/) - cycle Shift-Dir - straight line, f/p - skyshark
Aim: a skyshark (chance to affect: 31%)
The skyshark easily resists.
The skyshark completely misses you. The skyshark tail-slaps you!
The skyshark tail-slaps you.
HP[-10] MP[-2]
You take 10 damage, and now have 72/82 hp.
You lost 2 mp, and now have 10/12 mp.
Aiming: Paralyse
Press: ? - help, Q - select action, (/) - cycle Shift-Dir - straight line, f/p - skyshark
Aim: a skyshark (chance to affect: 31%)
The skyshark easily resists.
The now-empty wand crumbles to dust.
The skyshark bites you!
The skyshark tastes blood and grows stronger!
The skyshark tail-slaps you. x2
HP[-8] MP[-2]
You take 8 damage, and now have 64/82 hp.
You lost 2 mp, and now have 8/12 mp.
You tentacle-slap the skyshark but do no damage.
The skyshark begins to glow.
You squeeze the skyshark! The skyshark closely misses you.
The skyshark misses you. The skyshark tail-slaps you!
HP[-9] MP[-1]
You take 9 damage, and now have 55/82 hp.
You lost 1 mp, and now have 7/12 mp.
You tentacle-slap the skyshark.
The skyshark glows dangerously bright.
You squeeze the skyshark! The skyshark closely misses you.
The skyshark tail-slaps you! The skyshark closely misses you.
HP[-7] MP[-1]
You take 7 damage, and now have 48/82 hp.
You lost 1 mp, and now have 6/12 mp.
You tentacle-slap the skyshark.
The skyshark shudders as magic cascades through it!
The skyshark twists and deforms.
The skyshark bites you.
The skyshark enters a blood-rage!
The skyshark tail-slaps you. The skyshark closely misses you.
HP[-4] MP[-1]
You take 4 damage, and now have 44/82 hp.
You lost 1 mp, and now have 5/12 mp.
You tentacle-slap the skyshark.
The skyshark begins to glow.
The skyshark misses you. x2; The skyshark tail-slaps you.
* * * LOW HITPOINT WARNING * * *
HP[-4] MP[-1]
You take 4 damage, and now have 40/82 hp.
You lost 1 mp, and now have 4/12 mp.
You tentacle-slap the skyshark.
The skyshark glows dangerously bright.
The skyshark bites you!
* * * LOW HITPOINT WARNING * * *
The skyshark tail-slaps you!
* * * LOW HITPOINT WARNING * * *
The skyshark completely misses you.
HP[-21] MP[-2]
You take 21 damage, and now have 19/82 hp.
MASSIVE DAMAGE!! (PAUSE)
You lost 2 mp, and now have 2/12 mp.
You tentacle-slap the skyshark.
The skyshark shudders as magic cascades through it!!
The skyshark twists and deforms.
The skyshark barely misses you. x2
The skyshark tail-slaps you.
* * * LOW HITPOINT WARNING * * *
The skyshark completely misses you. The skyshark misses you.
The skyshark tail-slaps you!
* * * LOW HITPOINT WARNING * * *
HP[-7] MP[-1]
You take 7 damage, and now have 12/82 hp.
You lost 1 mp, and now have 1/12 mp.
Aiming: Corrosive Bolt
Press: ? - help, Q - select action, (/) - cycle Shift-Dir - straight line, f/p - skyshark
Aim: a skyshark (almost dead, berserk, misshapen and mutated, 79% to hit)
The bolt of acid misses the skyshark.
The skyshark bites you!
* * * LOW HITPOINT WARNING * * *
The skyshark tail-slaps you!
You die...
Your body crumbles into a pile of gold.

Skill      XL: |  1  2  3  4  5  6  7  8  9 10 11 |
---------------+----------------------------------+-----
Stealth        | 2 3 5 |  5.0
Fighting       | 3 4 5 7 8 |  8.0
Shapeshifting  | 4 6 9 10 11 14 | 14.3
Dodging        | 5 6 |  6.0
Unarmed Combat | 5 6 |  6.0

Action                     |  1- 3 |  4- 6 |  7- 9 | 10-12 || total
---------------------------+-------+-------+-------+-------++-------
  Melee: Unarmed           |    51 |    85 |   318 |   453 ||   907
         Tentacles         |     6 |    22 |    98 |   139 ||   265
         Constrict         |    13 |    18 |    86 |    81 ||   198
         Punch             |     3 |     2 |     9 |     1 ||    15
  Throw: Dart              |       |     2 |    10 |       ||    12
 Invoke: Call Merchant     |       |       |       |     1 ||     1
  Evoke: Wand              |       |     2 |     7 |    27 ||    36
         Phantom mirror    |       |       |       |     1 ||     1
    Use: Scroll            |       |     4 |     4 |     8 ||    16
         Potion            |       |     2 |     3 |     6 ||    11
   Stab: Sleeping          |     6 |    12 |     3 |       ||    21
         Distracted        |     1 |       |     3 |     3 ||     7
         Paralysed         |       |     5 |    17 |    11 ||    33
 Armour: Skin              |    14 |    16 |   171 |   285 ||   486
  Dodge: Dodged            |    26 |    40 |   291 |   507 ||   864
   Form: Flux              |       |       |     1 |     1 ||     2
                           |       |       |       |     1 ||     1

Levels and vault maps discovered:
D:1:      minmay_arrival_checkered_box, layout_loops_cross,
          shapermc_ecumenical_altar_notcrosses, minmay_misc_feat_square,
          minivault_24, st_stairs_6
D:2:      layout_basic, uniq_natasha
D:3:      layout_loops_ring, serial_shops, shop_coins, hangedman_decor_points,
          minmay_liquid_box
D:4:      layout_basic, serial_shops, shop, uniq_ijyb
D:5:      layout_rooms, yredelemnul_forgotten_temple_becter,
          minmay_temple_entry_gardened_gates, hangedman_decor_opposing,
          uniq_edmund
D:6:      layout_cave_pools
D:7:      layout_basic, grunt_gozag_statues, nicolae_wu_jian_glorious_leap,
          mainiacjoe_overflow_tiny_flanked, enter_bailey_4
D:8:      minmay_angry_zag, layout_basic, erik_lair_island, serial_shops,
          nicolae_diamond_shop, nicolae_phantomly_mirrored
D:9:      layout_basic, kennysheep_vampire_church,
          hellmonk_ghost_happy_afterlife, uniq_erolcha
Temple:   kb_temple_of_zot
Lair:1:   layout_gridlike
Lair:2:   layout_hall_layers, grunt_megastairs_2

Notes
Turn   | Place    | Note
-------+----------+-------------------------------------------
     0 | D:1      | zeratav the Octopode Shapeshifter began the quest for the
                  | Orb.
     0 | D:1      | Reached XP level 1. HP: 13/13 MP: 1/1
     0 | D:1      | magus.rc [v1.9.6]
    75 | D:1      | Reached skill level 1 in Stealth
    82 | D:1      | Found a faded altar of an unknown god.
    96 | D:1      | Reached skill level 2 in Stealth
   136 | D:1      | Reached XP level 2. HP: 18/18 MP: 2/2
   228 | D:1      | Reached skill level 3 in Stealth
   678 | D:2      | Identified the ring of Dyblan {Fire Int+3}
   714 | D:2      | Noticed Natasha
   721 | D:2      | Reached XP level 3. HP: 23/23 MP: 3/3
   726 | D:2      | Killed Natasha
   727 | D:2      | Reached skill level 4 in Stealth
   753 | D:2      | Reached skill level 5 in Stealth
   968 | D:2      | Reached XP level 4. HP: 25/28 MP: 4/4
   991 | D:2      | Identified the +9 spear of Insufficient Pleasure {heavy,
                  | rC+}
  1299 | D:2      | Reached skill level 2 in Fighting
  1393 | D:2      | Noticed Natasha
  1399 | D:2      | Killed Natasha
  1517 | D:2      | Noticed Natasha
  1521 | D:2      | Killed Natasha
  1522 | D:2      | Reached skill level 3 in Fighting
  1522 | D:2      | Reached XP level 5. HP: 25/36 MP: 5/5
  2021 | D:3      | Found Eskaddup's Armour Boutique.
  2339 | D:4      | Noticed an ogre
  2536 | D:4      | Noticed an ogre
  2646 | D:4      | Found Cetaa's Antique Weapon Emporium.
  2687 | D:4      | Noticed Ijyb
  2691 | D:4      | Paralysed by Ijyb for 3 turns
  2705 | D:4      | Killed Ijyb
  2755 | D:4      | Killed an ogre
  2756 | D:4      | Reached skill level 4 in Fighting
  2756 | D:4      | Reached XP level 6. HP: 45/45 MP: 6/6
  2890 | D:4      | Reached skill level 5 in Fighting
  3029 | D:4      | Reached skill level 4 in Shapeshifting
  3245 | D:5      | Entered Level 5 of the Dungeon
  3251 | D:5      | Reached XP level 7. HP: 50/50 MP: 7/7
  3293 | D:5      | Noticed Edmund
  3325 | D:5      | HP: 12/50 [gnoll/+0 club (8)]
  3329 | D:4      | HP: 4/50 [gnoll/+0 club (3)]
  3765 | D:5      | Reached skill level 5 in Shapeshifting
  3868 | D:5      | Reached skill level 6 in Shapeshifting
  4012 | D:5      | Found a staircase to the Ecumenical Temple.
  4019 | D:5      | Reached XP level 8. HP: 18/55 MP: 3/8
  4243 | Temple   | Entered the Ecumenical Temple
  4391 | D:5      | Reached skill level 7 in Shapeshifting
  4657 | D:5      | Found a basalt altar of Yredelemnul.
  4808 | D:6      | Reached skill level 8 in Shapeshifting
  4866 | D:6      | You add the spells Haunt, Borgnjor's Revivification and
                  | Death's Door to your library.
  5288 | D:6      | Reached skill level 9 in Shapeshifting
  5288 | D:6      | Reached XP level 9. HP: 55/61 MP: 9/9
  5672 | D:6      | Gained mutation: Your health recovers twice as slowly from
                  | being drained. [potion of mutation]
  5672 | D:6      | Gained mutation: You are partially covered in iridescent
                  | scales. (AC +2) [potion of mutation]
  5717 | D:7      | Found a flagged portal.
  5766 | Bailey   | Entered a bailey
  6147 | Bailey   | Reached skill level 10 in Shapeshifting
  6288 | Bailey   | Noticed a gargoyle
  6302 | Bailey   | Killed a gargoyle
  6303 | Bailey   | Reached skill level 3 in Dodging
  6303 | Bailey   | Reached skill level 4 in Unarmed Combat
  6326 | Bailey   | Reached skill level 4 in Dodging
  6337 | Bailey   | Identified the +3 ice dragon scales of Fell {rF- rC++ rN++
                  | Slay+2}
  6539 | D:7      | Reached skill level 5 in Unarmed Combat
  6933 | D:7      | Reached skill level 5 in Dodging
  6966 | D:7      | Found an opulent altar of Gozag.
  7013 | D:7      | Found a sacrificial altar of Ru.
  7042 | D:7      | Became a worshipper of Gozag Ym Sagoz the Greedy
  7074 | D:7      | Reached XP level 10. HP: 25/66 MP: 3/10
  7507 | D:7      | Reached skill level 6 in Unarmed Combat
  7604 | D:7      | Reached skill level 6 in Dodging
  7690 | D:7      | Found an ornate altar of the Wu Jian Council.
  7842 | D:8      | Found a staircase to the Lair.
  8562 | D:8      | Noticed a manticore
  9208 | D:8      | Reached skill level 6 in Fighting
  9671 | D:8      | Found Wayc Hen's Assorted Antiques.
 10225 | D:8      | Killed a manticore
 10298 | D:8      | Bought a scroll of teleportation for 93 gold pieces
 10298 | D:8      | Bought an encrusted glass wand for 124 gold pieces
 10298 | D:8      | Bought a scroll labelled QINTATZ WEBBI for 31 gold pieces
 10298 | D:8      | Bought a scroll of blinking for 232 gold pieces
 10371 | D:8      | You pick up a book of Cantrips and begin reading...
 10371 | D:8      | You add the spells Sting, Necrotise, Summon Small Mammal
                  | and Apportation to your library.
 10419 | D:8      | Reached skill level 7 in Fighting
 10419 | D:8      | Paralysed by a hornet for 1 turns
 10908 | D:8      | Noticed a two-headed ogre
 10908 | D:8      | Noticed a two-headed ogre
 10919 | D:8      | Reached skill level 11 in Shapeshifting
 10964 | D:8      | Killed a two-headed ogre
 10965 | D:8      | Reached XP level 11. HP: 53/76 MP: 7/11
 11101 | D:8      | Killed a two-headed ogre
 11102 | D:8      | Reached skill level 8 in Fighting
 11272 | D:8      | Paralysed by a hornet for 3 turns
 11283 | D:8      | HP: 16/77 [centaur/arrow (8)]
 11299 | D:8      | HP: 7/77 [hornet (12)]
 11299 | D:8      | Paralysed by a hornet for 2 turns
 11685 | D:8      | Reached skill level 12 in Shapeshifting
 12057 | D:9      | You pick up a book of Necromancy and begin reading...
 12057 | D:9      | You add the spells Vampiric Draining, Martyr's Knell and
                  | Curse of Agony to your library.
 12126 | D:9      | Noticed Erolcha
 12345 | D:9      | Found a runed translucent door.
 12345 | D:9      | Noticed Atlas's ghost (novice DsFE)
 12841 | Lair:1   | Entered Level 1 of the Lair of Beasts
 12849 | Lair:1   | You add the spells Vhi's Electric Charge, Arcjolt and
                  | Maxwell's Capacitive Coupling to your library.
 13149 | Lair:1   | Reached skill level 13 in Shapeshifting
 14288 | Lair:2   | You pick up a book of Battle and begin reading...
 14288 | Lair:2   | You add the spells Fugue of the Fallen, Ozocubu's Armour
                  | and Manifold Assault to your library.
 14389 | Lair:2   | HP: 19/77 [poisoned by a cane toad]
 14394 | Lair:2   | HP: 10/77 [poisoned by a cane toad]
 14399 | Lair:2   | HP: 6/77 [poisoned by a cane toad]
 14676 | Lair:2   | Reached skill level 14 in Shapeshifting
 14676 | Lair:2   | Reached XP level 12. HP: 82/82 MP: 12/12
 15164 | Lair:1   | HP: 19/82 [poisoned by a water moccasin]
 15169 | Lair:1   | HP: 9/82 [poisoned by a water moccasin]
 15174 | Lair:1   | HP: 6/82 [poisoned by a water moccasin]
 15599 | Lair:1   | Bought a sharpened gold wand for 120 gold pieces
 15635 | Lair:2   | Noticed a skyshark
 15645 | Lair:2   | HP: 19/82 [skyshark (8)]
 15647 | Lair:2   | HP: 1/82 [skyshark (11)]
 15647 | Lair:2   | Mangled by a skyshark

Vanquished Creatures
  2 two-headed ogres (D:8)
  A manticore (D:8)
  A black mamba (Lair:2)
  A gargoyle (Bailey)
  3 cane toads
  A rime drake (Lair:1)
  2 komodo dragons (Lair:2)
  A troll (D:7)
  3 blink frogs (Lair:1)
  A hornet (D:8)
  A vampire (Bailey)
  3 wyverns
  9 yaks
  An acid dragon (D:9)
  11 water moccasins
  2 orc warriors
  3 ice beasts
  A sky beast (D:7)
  2 boggarts (D:8)
  2 black bears
  4 ogres
  13 wolves
  5 centaurs
  2 phantoms (D:5)
  2 kobold brigands
  A weeping skull (D:5)
  7 bullfrogs
  A scorpion (D:5)
  11 killer bees
  3 electric eels (D:8)
  5 howler monkeys
  8 vampire bats (Bailey)
  5 wolf zombies (Bailey)
  2 gnoll boudas
  2 bombardier beetles
  8 hounds
  A jelly (D:5)
  2 orc priests
  3 iguanas
  2 sleepcaps (D:7)
  Ijyb (D:4)
  6 orc wizards
  Natasha (thrice) (D:2)
  14 gnolls
  7 adders
  3 white imps
  2 ufetubi (D:7)
  2 ribbon worms (D:2)
  3 dart slugs
  25 orcs
  3 bats
  6 endoplasms
  4 giant cockroaches
  4 goblins
  9 hobgoblins
  4 jackals (D:5)
  4 quokkas
  4 ball pythons
  A frilled lizard (D:3)
  10 kobolds
  15 orc zombies (Bailey)
  2 rats (D:2)
  A spectral orc (D:5)
271 creatures vanquished.

Vanquished Creatures (others)
  An orc wizard (D:9)
1 creature vanquished.

Grand Total: 272 creatures vanquished

Table legend:
 A = Non-vault XP
 B = Vault XP
 C = Vault XP percentage of total XP
 D = Non-vault monster count
 E = Vault monster count
 F = Vault count percentage of total count
                 A         B        C        D         E       F
            +---------+---------+-------+---------+---------+-------
      Total |   13544 |    6287 |  31.7 |     205 |      66 |  24.4
            +---------+---------+-------+---------+---------+-------
        D:1 |      31 |       2 |   6.1 |      15 |       1 |   6.2
        D:2 |     122 |      35 |  22.3 |      16 |       1 |   5.9
        D:3 |      33 |       0 |   0.0 |       9 |       0 |   0.0
        D:4 |     366 |      36 |   9.0 |      15 |       1 |   6.2
        D:5 |     924 |     100 |   9.8 |      25 |       2 |   7.4
        D:6 |     894 |       0 |   0.0 |      17 |       0 |   0.0
        D:7 |    1733 |     715 |  29.2 |      29 |      12 |  29.3
        D:8 |    2120 |    2883 |  57.6 |      30 |      12 |  28.6
        D:9 |    1141 |       0 |   0.0 |      20 |       0 |   0.0
     Lair:1 |    4012 |     723 |  15.3 |      19 |       6 |  24.0
     Lair:2 |    2168 |     361 |  14.3 |      10 |       1 |   9.1
     Bailey |       0 |    1432 | 100.0 |       0 |      30 | 100.0
            +---------+---------+-------+---------+---------+-------

Skill      XL: |  1  2  3  4  5  6  7  8  9 10 11 |
---------------+----------------------------------+-----
Stealth        | 2 3 5 |  5.0
Fighting       | 3 4 5 7 8 |  8.0
Shapeshifting  | 4 6 9 10 11 14 | 14.3
Dodging        | 5 6 |  6.0
Unarmed Combat | 5 6 |  6.0

Action                     |  1- 3 |  4- 6 |  7- 9 | 10-12 || total
---------------------------+-------+-------+-------+-------++-------
  Melee: Unarmed           |    51 |    85 |   318 |   453 ||   907
         Tentacles         |     6 |    22 |    98 |   139 ||   265
         Constrict         |    13 |    18 |    86 |    81 ||   198
         Punch             |     3 |     2 |     9 |     1 ||    15
  Throw: Dart              |       |     2 |    10 |       ||    12
 Invoke: Call Merchant     |       |       |       |     1 ||     1
  Evoke: Wand              |       |     2 |     7 |    27 ||    36
         Phantom mirror    |       |       |       |     1 ||     1
    Use: Scroll            |       |     4 |     4 |     8 ||    16
         Potion            |       |     2 |     3 |     6 ||    11
   Stab: Sleeping          |     6 |    12 |     3 |       ||    21
         Distracted        |     1 |       |     3 |     3 ||     7
         Paralysed         |       |     5 |    17 |    11 ||    33
 Armour: Skin              |    14 |    16 |   171 |   285 ||   486
  Dodge: Dodged            |    26 |    40 |   291 |   507 ||   864
   Form: Flux              |       |       |     1 |     1 ||     2
                           |       |       |       |     1 ||     1

Illustrated notes

Table legend:
 A = Kills in this place as a percentage of kills in the entire game.
 B = Kills by you in this place as a percentage of kills by you in the entire game.
 C = Kills by friends in this place as a percentage of kills by friends in the entire game.
 D = Other kills in this place as a percentage of other kills in the entire game.
 E = Experience gained in this place as a percentage of experience gained in the entire game.
 F = Experience gained in this place divided by the number of levels of this place that you have seen.
                   A       B       C       D       E      F
               +-------+-------+-------+-------+-------+----------------------
         Total | 100.0 | 100.0 |   N/A |   N/A | 100.0 | 1525.5
       Dungeon |  75.6 |  75.6 |   N/A |   N/A |  56.1 | 1237.2
          Lair |  13.3 |  13.3 |   N/A |   N/A |  36.6 | 3632.0
        Bailey |  11.1 |  11.1 |   N/A |   N/A |   7.2 | 1432.0
               +-------+-------+-------+-------+-------+----------------------

Table legend: (Time is in decaauts)
 A = Elapsed time spent in this place.
 B = Non-inter-level travel time spent in this place.
 C = Inter-level travel time spent in this place.
 D = Time resting spent in this place.
 E = Time spent auto-exploring this place.
 F = Levels seen in this place.
 G = Mean time per level.
                   A        B        C        D        E       F      G
               +--------+--------+--------+--------+--------+-----+--------+
         Total |  15604 |  14418 |   1186 |   4941 |   5120 |  13 | 1200.3 |
       Dungeon |  12154 |  11044 |   1110 |   3531 |   4440 |   9 | 1350.4 |
        Temple |     35 |      1 |     34 |      0 |      0 |   1 |   35.0 |
          Lair |   2790 |   2749 |     41 |   1339 |    562 |   2 | 1395.0 |
        Bailey |    623 |    623 |      0 |     71 |    118 |   1 |  623.0 |
               +--------+--------+--------+--------+--------+-----+--------+

Top non-repeatable levels by time:
     D:7: 3297 daAuts
     D:8: 2115 daAuts
  Lair:1: 1979 daAuts
     D:4: 1343 daAuts
     D:5: 1225 daAuts
     D:9: 1070 daAuts
     D:2: 907 daAuts
     D:6: 840 daAuts
  Lair:2: 810 daAuts
     D:3: 684 daAuts
     D:1: 672 daAuts
  Bailey: 623 daAuts
  Temple: 35 daAuts
